 Dungeon Crawl Stone Soup version 0.28.0-45-g0d030f2227 (webtiles) character file.

Game seed: 7262470226947692889

10843 MisterFreud the Martial Artist (level 9, -10/99 HPs)
             Began as a Grey Draconian Transmuter on Apr 18, 2022.
             Was a Follower of Ru.
             Killed from afar by a deep elf pyromancer (33 damage)
             ... with a bolt of fire
             ... on level 10 of the Dungeon.
             The game lasted 00:27:01 (15461 turns).

MisterFreud the Martial Artist (DrTm)              Turns: 15461, Time: 00:27:01

Health: -10/99     AC:  8    Str: 13    XL:     9   Next: 41%
Magic:  12/15      EV: 21    Int: 16    God:    Ru [*.....]
Gold:   695        SH:  0    Dex: 13    Spells: 7/16 levels left

rFire   x . .      SeeInvis .     - Unarmed
rCold   + + +      Faith    .   (shield currently unavailable)
rNeg    . . .      Spirit   .   (armour unavailable)
rPois   +          Reflect  .   (helmet currently unavailable)
rElec   .          Harm     .   (cloak currently unavailable)
rCorr   .          Rampage  .   (gloves currently unavailable)
Will    .....                   (boots currently unavailable)
Stlth   +.........              (no amulet)
HPRegen 0.26/turn               e - +4 ring of evasion
MPRegen 0.14/turn               x - +4 ring of evasion

@: ice-form
A: freezing attack, boosted hp, AC +12, amphibious, large, unfitting armour,
(cold-blooded), inexperienced 1
a: End Transformation, Renounce Religion


You were on level 10 of the Dungeon.
You worshipped Ru.
Ru was aware of your devotion.
You were a creature of crystalline ice.
You visited 2 branches of the dungeon, and saw 11 of its levels.
You also visited: Ossuary and Bailey.

You collected 695 gold pieces.

Inventory:

Missiles
 g - 7 boomerangs
 h - 4 javelins
 i - 4 poisoned darts (quivered)
 w - 3 throwing nets
 F - a curare-tipped dart
Armour
 r - the +3 crown of Dyrovepreva (melded) {rElec Int+2 SInv}
   (You found it in a bailey)

   Int:       It affects your intelligence (+2).
   rElec:     It insulates you from electricity.
   SInv:      It lets you see invisible.
 A - a +0 pair of boots (melded)
Jewellery
 e - a +4 ring of evasion (left front paw)
 l - a ring of magical power
 x - a +4 ring of evasion (right front paw)
Wands
 n - a wand of iceblast (1)
 v - a wand of charming (4)
 C - a wand of flame (12)
 D - a wand of digging (5)
Scrolls
 a - 2 scrolls of enchant weapon
 b - a scroll of fog {unknown}
 k - 2 scrolls of immolation
 o - 7 scrolls of teleportation
 t - 3 scrolls of fear {unknown}
 u - 3 scrolls of enchant armour
 y - 2 scrolls of magic mapping {unknown}
 B - a scroll of noise {unknown}
 H - 2 scrolls of identify
Potions
 c - a potion of mutation {unknown}
 d - 2 potions of brilliance
 j - a potion of attraction
 m - a potion of flight
 p - 2 potions of lignification
 q - a potion of curing
 s - 2 potions of haste
 z - a potion of invisibility
 E - a potion of might {unknown}
Miscellaneous
 G - a phantom mirror
 I - a piece from Xom's chessboard (15/15)


   Skills:
 + Level 9.0 Fighting
 + Level 9.1 Dodging
 + Level 9.5 Unarmed Combat
 - Level 4.0 Spellcasting
 - Level 8.0 Transmutations
 - Level 4.0 Ice Magic


You had 7 spell levels left.
You knew the following spells:

 Your Spells              Type           Power      Damage    Failure   Level
a - Ice Form              Ice/Tmut       22%        N/A       14%         4
b - Wereblood             Tmut           28%        N/A       1%          2
c - Spider Form           Tmut/Pois      16%        N/A       10%         3

Your spell library contained the following spells:

 Spells                   Type           Power      Damage    Failure   Level
 Beastly Appendage        Tmut           56%        N/A       1%          1
 Sting                    Tmut/Pois      64%        1d6       3%          1
 Foxfire                  Conj/Fire      12%        2x1d4     17%         1
 Magic Dart               Conj           12%        1d3       17%         1
 Blade Hands              Tmut           14%        N/A       17%         5
 Corpse Rot               Necr/Air       6%         N/A       26%         2
 Poisonous Vapours        Pois/Air       6%         N/A       26%         2
 Searing Ray              Conj           6%         2d4       26%         2
 Confusing Touch          Hex            3%         N/A       45%         3
 Conjure Flame            Conj/Fire      3%         6-21      45%         3
 Inner Flame              Hex/Fire       3%         N/A       45%         3
 Portal Projectile        Hex/Tloc       6%         N/A       45%         3
 Summon Guardian Golem    Hex/Summ       3%         N/A       45%         3
 Yara's Violent Unravell  Hex/Tmut       8%         3d5       65%         5
 Airstrike                Air            1%         N/A       86%         4
 Flame Wave               Conj/Fire      3%         2d4       86%         4
 Fulminant Prism          Conj/Hex       1%         3d6       86%         4
 Olgreb's Toxic Radiance  Pois           3%         N/A       86%         4
 Summon Lightning Spire   Summ/Air       3%         N/A       86%         4
 Excruciating Wounds      Necr           1%         N/A       99%         5
 Lightning Bolt           Conj/Air       1%         1d12      99%         5
 Enfeeble                 Hex            1%         N/A       100%        7
 Orb of Destruction       Conj           1%         9d5       100%        7
 Spellforged Servitor     Conj/Summ      1%         N/A       100%        7


Dungeon Overview and Level Annotations

Branches:
Dungeon (10/15)            Temple (1/1) D:7            Lair (0/6) D:8
    Orc (0/2) D:10        Ossuary (visited)          Bailey (visited)

Altars:
Ashenzari
Cheibriados
Elyvilon
Qazlal
Ru
Trog
Uskayaw
The Shining One
Beogh

Shops:
D:4 [

Annotations:
D:4 1 runed translucent door, MisterFreud's ghost, amateur PaFi


Innate Abilities, Weirdness & Mutations

You are a creature of crystalline ice.
You have a powerful freezing melee attack.
Your maximum health is increased.
Your armour is entirely melded.
You are incapable of wielding weapons or throwing items.
((Your dull iron-grey scales are very hard. (AC +12)))
You are amphibious.
You cannot fit into any form of body armour.
((You are cold-blooded and may be slowed by cold attacks.))
You are somewhat inexperienced. (-2 XL)


Message History

Casting: Ice Form (dangerous; 12% risk of failure)
Confirm with . or Enter, or press ? or * to list all spells.
You turn into a creature of crystalline ice.
The +3 crown of Dyrovepreva {rElec Int+2 SInv} melds into your body.
Your +0 pair of boots melds into your body.
The killer bee closely misses you. x2
You punch the killer bee! You freeze the killer bee.
The killer bee is severely wounded.
The killer bee misses you. The killer bee closely misses you.
You miss the killer bee.
The killer bee is severely wounded.
A killer bee comes into view.
The killer bee completely misses you.
You punch the killer bee! You freeze the killer bee.
You kill the killer bee!
You punch the fire elemental! You freeze the fire elemental.
The fire elemental is heavily damaged.
The fire elemental closely misses you.
You punch the fire elemental! You freeze the fire elemental.
The fire elemental is severely damaged.
The fire elemental hits you. The fire elemental burns you!
The fire burns you terribly!
* * * LOW HITPOINT WARNING * * *
You pummel the fire elemental!! You freeze the fire elemental.
You destroy the fire elemental!
The fire elemental disappears in a puff of smoke!
You punch the orc warrior! You freeze the orc warrior.
The orc warrior is severely wounded.
An ogre mage comes into view. It is wielding a +3 spear.
The orc warrior barely misses you.
You pummel the orc warrior!! You freeze the orc warrior.
You kill the orc warrior!
The ogre mage mumbles some strange words.
The ogre mage flickers and vanishes!
Deactivating autopickup; reactivate with Ctrl-A.
You pummel the deep elf pyromancer!! You freeze the deep elf pyromancer.
The deep elf pyromancer is severely wounded.
The deep elf pyromancer gestures at you while chanting.
The bolt of fire hits you!! The fire burns you terribly!
You die...

##.........#####...............
#..##).....#......############.
.....).##.##......#
......###.##....>.#
....#####.##.....(########
....# #...................
....# #....#######.#.###.#
..### #....#.....#..## .##
#....#.###Y#○#.# # .#
#....#.'.#.ey#####.# [#
#....#.###)#y##....# .#
#....#.....#....# ##
#....#######§#.#.# # ...
....°.#{# # # #.##.#.☼##.##
##########.#.###. #
.....T..†....###


You could see a deep elf pyromancer and 2 killer bees.

Vanquished Creatures
  A hydra (D:10)
  A two-headed ogre (D:10)
  A tengu warrior (D:10)
  An orc knight (Bailey)
  A deep elf pyromancer (Bailey)
  A manticore (D:10)
  An ice statue (D:9)
  Maggie (D:10)
  A tengu conjurer (D:10)
  2 trolls
  A meliai zombie (D:10)
  A hornet (D:10)
  A wraith (D:9)
  A yak (D:10)
  3 wyverns
  A vampire mosquito (D:10)
  Duvessa (D:7)
  A water moccasin (D:7)
  A sky beast (D:5)
  10 orc warriors
  2 ice beasts
  3 necrophages
  3 ogres
  A boggart (D:10)
  4 centaurs
  A phantom (D:6)
  2 kobold brigands
  A bullfrog (D:7)
  4 scorpions
  A water moccasin skeleton (D:5)
  Dowan (D:7)
  7 killer bees
  A wight (D:10)
  2 electric eels (D:9)
  2 howler monkeys (D:9)
  2 bullfrog zombies
  4 centaur zombies (D:10)
  3 hounds
  2 jellies (D:6)
  4 centaur skeletons
  3 orc priests
  A bullfrog skeleton (D:5)
  A gnoll shaman (D:5)
  5 iguanas
  8 orc wizards
  A mummy (Ossuary)
  A howler monkey zombie (D:9)
  9 gnolls
  11 adders
  2 shadow imps
  3 white imps
  An ufetubus (D:5)
  An adder skeleton (D:4)
  4 worms
  2 dart slugs
  48 orcs
  4 spectral bats (Ossuary)
  10 endoplasms
  2 giant cockroaches (D:3)
  12 gnoll zombies (Ossuary)
  8 goblins
  9 hobgoblins
  10 jackals
  9 kobolds
  4 quokkas
  6 ball pythons
  4 bats
  7 bat simulacra (Ossuary)
  2 frilled lizards
  A goblin simulacrum (Ossuary)
  6 goblin zombies (Ossuary)
  3 hobgoblin zombies (Ossuary)
  6 kobold simulacra (Ossuary)
  5 kobold zombies (Ossuary)
  4 orc zombies (Ossuary)
  A quokka zombie (D:4)
  5 rats
  A rat simulacrum (Ossuary)
  A rat zombie (D:4)
  5 spectral goblins (Ossuary)
  5 spectral rats (Ossuary)
313 creatures vanquished.

Vanquished Creatures (others)
  12 plants (D:10)
12 creatures vanquished.

Grand Total: 325 creatures vanquished

Notes
Turn   | Place    | Note
-------+----------+-------------------------------------------
     0 | D:1      | MisterFreud the Draconian Transmuter began the quest for
                  | the Orb.
     0 | D:1      | Reached XP level 1. HP: 16/16 MP: 3/3
    20 | D:1      | Reached XP level 2. HP: 11/23 MP: 3/5
   398 | D:1      | Learned a level 2 spell: Wereblood
   683 | D:1      | You fall into a shaft and drop 1 floor!
   790 | D:2      | Reached XP level 3. HP: 18/28 MP: 4/6
  1279 | D:1      | Reached XP level 4. HP: 35/35 MP: 5/7
  2271 | D:2      | Learned a level 3 spell: Spider Form
  2558 | D:3      | Reached skill level 5 in Transmutations
  2597 | D:3      | Reached XP level 5. HP: 11/41 MP: 5/8
  2621 | D:4      | Found a runed translucent door.
  2647 | D:4      | Noticed MisterFreud's ghost (amateur PaFi)
  2933 | D:4      | Found a sand-covered staircase.
  2940 | Ossuary  | Entered an ossuary
  3972 | D:3      | Found a faded altar of an unknown god.
  4278 | D:3      | Reached XP level 6. HP: 41/52 MP: 9/9
  4986 | D:4      | Found a broken altar of Ashenzari.
  5076 | D:4      | Found a hide-covered altar of Uskayaw.
  5122 | D:4      | Found Hutegi's Antique Armour Shoppe.
  5426 | D:4      | Found a snail-covered altar of Cheibriados.
  5496 | D:5      | Entered Level 5 of the Dungeon
  5539 | D:5      | Reached skill level 5 in Unarmed Combat
  5539 | D:5      | Your scales start taking on a dull iron-grey colour.
  5539 | D:5      | Reached XP level 7. HP: 59/59 MP: 10/10
  6106 | D:5      | Found a bloodstained altar of Trog.
  6303 | D:5      | Reached XP level 8. HP: 64/66 MP: 11/11
  6437 | D:5      | Reached skill level 5 in Dodging
  6644 | D:5      | Learned a level 4 spell: Ice Form
  6814 | D:4      | Reached skill level 1 in Ice Magic
  8294 | D:6      | Reached XP level 9. HP: 71/71 MP: 8/12
  9253 | D:7      | Found a staircase to the Ecumenical Temple.
  9276 | Temple   | Entered the Ecumenical Temple
  9349 | Temple   | Became a worshipper of Ru the Awakened
  9791 | D:7      | Found a stormy altar of Qazlal.
  9841 | D:7      | Noticed Duvessa
  9842 | D:7      | Noticed Dowan
  9854 | D:7      | Killed Duvessa
  9858 | D:7      | Killed Dowan
 10391 | D:8      | Found a flagged portal.
 10413 | Bailey   | Entered a bailey
 10666 | Bailey   | Found a large runed translucent door.
 10666 | Bailey   | Found a large runed translucent door.
 10667 | Bailey   | Noticed a deep elf pyromancer
 10668 | Bailey   | Noticed an orc knight
 10854 | Bailey   | Reached skill level 5 in Fighting
 11062 | Bailey   | Killed an orc knight
 11424 | Bailey   | Found the +3 crown of Dyrovepreva {rElec Int+2 SInv}
 11476 | Bailey   | Killed a deep elf pyromancer
 11477 | Bailey   | Reached XP level 10. HP: 53/83 MP: 9/16
 11713 | D:8      | Found a staircase to the Lair.
 12291 | D:8      | Gained mutation: You are somewhat inexperienced. (-2 XL)
                  | [Ru sacrifice]
 12291 | D:8      | Reached XP level 9. HP: 75/75 MP: 15/15
 12291 | D:8      | Reached XP level 8. HP: 70/70 MP: 14/14
 12291 | D:8      | Reached * piety under Ru
 13335 | D:9      | Noticed an ice statue
 14027 | D:9      | Killed an ice statue
 14082 | D:10     | Entered Level 10 of the Dungeon
 14464 | D:10     | Found a staircase to the Orcish Mines.
 14464 | D:10     | Noticed a tengu warrior
 14480 | D:10     | Killed a tengu warrior
 14493 | D:10     | Reached XP level 9. HP: 81/81 MP: 13/15
 14554 | D:10     | Noticed Maggie
 14575 | D:10     | Noticed a four-headed hydra
 14576 | D:10     | Killed Maggie
 14585 | D:10     | HP: 3/97 [four-headed hydra (12)]
 14587 | D:10     | Killed a four-headed hydra
 15223 | D:10     | Noticed a two-headed ogre
 15232 | D:10     | Killed a two-headed ogre
 15443 | D:10     | Noticed a deep elf pyromancer
 15459 | D:10     | Noticed an ogre mage
 15461 | D:10     | Killed from afar by a deep elf pyromancer

Illustrated notes

Levels and vault maps discovered:
D:1:      amcnicky_arrival_underground_garden, layout_loops_corners,
          st_stairs_12, minmay_unequal
D:2:      layout_basic, st_stairs_13, hex_tiny,
          wander_ebering_terrifying_dragon_lair
D:3:      layout_loops_ring, cheibrodos_sewer_entry_bend,
          dreamdust_ecumenical_altar_angels_and_demons, st_stairs_5
D:4:      layout_gridville, eat_drink_and_be_merry_uskayaw,
          lemuel_coloured_pillars_altar, ashenzari_conservatory_becter,
          enter_ossuary_4, ebering_ghost_sewer_d, serial_shops,
          nicolae_shop_temple_entry_statues_fountains, hangedman_decor_points
D:5:      layout_gridville, bloody_trog, amcnicky_mini_rare_corridor_liquid,
          kennysheep_opposing_triangles
D:6:      layout_cave_pools, st_stairs_12, bh_walls_and_bars
D:7:      layout_gridville, nicolae_qazlal_style_of_elements, temple_fountains,
          chequers_serial_rivers_marsh, uniq_duvessa
D:8:      layout_basic, lair_entry_dummy, enter_bailey_4
D:9:      layout_basic, minmay_statue_bubble
D:10:     layout_rooms, minmay_orc_entry_temple_small, minmay_shattered_shrine,
          uniq_maggie
Temple:   bh_familiar_temple

Skill      XL: |  1  2  3  4  5  6  7  8  9 10 |
---------------+-------------------------------+-----
Transmutations | 3 4 5 6 8 |  8.0
Fighting       | 2 4 8 9 6 |  9.0
Unarmed Combat | 5 6 8 9 |  9.5
Dodging        | 4 8 9 7 |  9.1
Ice Magic      | 3 4 |  4.0
Spellcasting   | 4 |  4.0

Action                   |  1- 3 |  4- 6 |  7- 9 | 10-12 || total
-------------------------+-------+-------+-------+-------++-------
Melee: Unarmed           |    85 |   447 |   628 |    12 ||  1172
       Tailslap          |    10 |    36 |    13 |       ||    59
       Kick              |    21 |     5 |       |       ||    26
       Headbutt          |     6 |     6 |       |       ||    12
       Punch             |       |     8 |     3 |       ||    11
Throw: Boomerang         |       |     4 |    16 |       ||    20
       Dart              |       |       |    14 |       ||    14
       Javelin           |       |       |     1 |       ||     1
 Cast: Beastly Appendage |    22 |     9 |       |       ||    31
       Spider Form       |       |    19 |    42 |       ||    61
       Ice Form          |       |       |    22 |     4 ||    26
Invok: Sacrifice Experie |       |       |     1 |       ||     1
 Abil: End Transformatio |       |       |     3 |       ||     3
Evoke: Phantom mirror    |       |       |     1 |       ||     1
       Wand              |       |       |     1 |       ||     1
  Use: Scroll            |       |    14 |     4 |       ||    18
       Potion            |       |       |     3 |       ||     3
 Stab: Sleeping          |     1 |     2 |       |       ||     3
Armor: Skin              |    23 |    74 |   109 |     3 ||   209
Dodge: Dodged            |    55 |   339 |   793 |    14 ||  1201
